 Dungeon Crawl Stone Soup version 0.28.0-45-g0d030f2227 (webtiles) character file.

Game seed: 6109707222629319660

17662 CryoSword the Covert (level 12, -2/100 HPs)
             Began as a Yellow Draconian Enchanter on Apr 2, 2022.
             Was a Believer of Dithmenos.
             Killed from afar by a raiju (3 damage)
             ... with a living lightning
             ... on level 1 of the Abyss.
             The game lasted 00:40:58 (19704 turns).

CryoSword the Covert (Yellow Draconian Enchanter)  Turns: 19704, Time: 00:40:58

Health: -2/100     AC: 11    Str: 10    XL:     12   Next: 20%
Magic:  15/18      EV: 14    Int: 19    God:    Dithmenos [**....]
Gold:   535        SH:  0    Dex: 14    Spells: 8/19 levels left

rFire   . . .      SeeInvis .   w - +0 dagger (venom)
rCold   . . .      Faith    .   (no shield)
rNeg    . . .      Spirit   .   (armour unavailable)
rPois   .          Reflect  .   (helmet restricted)
rElec   .          Harm     .   d - +0 cloak
rCorr   +          Rampage  .   r - +0 pair of gloves
Will    +....                   t - +0 pair of boots
Stlth   ++++++....              (no amulet)
HPRegen 0.26/turn               g - ring of flight
MPRegen 0.16/turn               E - ring of willpower {=R}

@: confusing by touch, flying, wreathed by umbra, invisible
A: spit acid, AC +8, unfitting armour, cold-blooded, acid resistance
a: Breathe Acid, Renounce Religion, Shadow Step


You were on level 1 of the Abyss.
You worshipped Dithmenos.
Dithmenos was pleased with you.
You visited 2 branches of the dungeon, and saw 12 of its levels.
You visited the Abyss 1 time.
You also visited: Sewer.

You collected 795 gold pieces.
You spent 260 gold pieces at shops.

Inventory:

Hand Weapons
 o - a +2 short sword of speed
   (You took it off a kobold in a sewer)
 w - a +0 dagger of venom (weapon)
   (You took it off a kobold in a sewer)
 y - a +0 rapier
   (You found it on level 5 of the Dungeon)
Missiles
 i - a throwing net
 q - 42 poisoned darts
 x - 2 boomerangs
 G - a curare-tipped dart
Armour
 d - a +0 cloak (worn)
   (You found it on level 3 of the Dungeon)
 r - a +0 pair of gloves (worn)
   (You found it on level 5 of the Dungeon)
 t - a +0 pair of boots (worn)
   (You found it in a sewer)
Jewellery
 g - a ring of flight (left hand)
   (You found it on level 1 of the Dungeon)
 E - a ring of willpower (right hand) {=R}
   (You found it on level 8 of the Dungeon)
Wands
 j - a wand of acid (5)
   (You found it on level 7 of the Dungeon)
 B - a wand of iceblast (12) (quivered)
   (You found it on level 6 of the Dungeon)
Scrolls
 e - a scroll of acquirement {unknown}
 f - a scroll of immolation {!r}
 h - 8 scrolls of teleportation {@r4}
 l - 2 scrolls of fog
 m - 3 scrolls of fear
 n - a scroll of silence {unknown}
 C - a scroll of vulnerability {!r}
 D - 2 scrolls of holy word {unknown}
 F - 3 scrolls of magic mapping {unknown}
 I - a scroll of noise {unknown}
 K - 2 scrolls of blinking {unknown}
 N - a scroll of summoning {unknown}
Potions
 a - 3 potions of lignification {!q}
 k - 3 potions of haste {@q3}
 p - 2 potions of berserk rage
 s - 2 potions of mutation {!q}
 u - a potion of cancellation {unknown}
 v - 2 potions of magic
 z - a potion of resistance {unknown}
 A - 2 potions of brilliance
 H - a potion of might {unknown}
 L - 2 potions of curing {@q1}
Miscellaneous
 J - a tin of tremorstones (2/2)
   (You found it on level 10 of the Dungeon)


   Skills:
 + Level 7.3 Fighting
 * Level 9.9 Short Blades
 + Level 6.0 Dodging
 * Level 10.2 Stealth
 - Level 4.0 Spellcasting
 - Level 2.0 Conjurations
 * Level 9.4 Hexes
 - Level 3.3 Ice Magic
 + Level 2.9 Invocations


You had 8 spell levels left.
You knew the following spells:

 Your Spells              Type           Power      Damage    Failure   Level
a - Ensorcelled Hibernat  Hex/Ice        56%        N/A       1%          2
b - Confusing Touch       Hex            39%        N/A       1%          3
c - Tukima's Dance        Hex            39%        N/A       1%          3
d - Dazzling Flash        Conj/Hex       50%        N/A       4%          3

Your spell library contained the following spells:

 Spells                   Type           Power      Damage    Failure   Level
 Portal Projectile        Hex/Tloc       42%        N/A       6%          3
 Summon Guardian Golem    Hex/Summ       21%        N/A       6%          3
 Ozocubu's Armour         Ice            16%        N/A       11%         3
 Beastly Appendage        Tmut           6%         N/A       14%         1
 Summon Small Mammal      Summ           12%        N/A       14%         1
 Static Discharge         Conj/Air       7%         N/A       14%         2
 Scorch                   Fire           6%         2d5       21%         2
 Wereblood                Tmut           3%         N/A       21%         2
 Leda's Liquefaction      Hex/Erth       10%        N/A       21%         4
 Metabolic Englaciation   Hex/Ice        14%        N/A       28%         5
 Call Canine Familiar     Summ           3%         N/A       38%         3
 Spider Form              Tmut/Pois      3%         N/A       38%         3
 Flame Wave               Conj/Fire      7%         2d5       65%         4
 Sticky Flame             Conj/Fire      7%         2d3       65%         4
 Dispel Undead            Necr           3%         3d7       80%         4
 Simulacrum               Ice/Necr       5%         N/A       100%        6
 Summon Cactus Giant      Summ           1%         N/A       100%        6


Dungeon Overview and Level Annotations

Branches:
Dungeon (11/15)            Temple (0/1) D:7            Lair (1/6) D:8
  Sewer (visited)
    Orc: D:9-12

Altars:
Dithmenos
Elyvilon
Hepliaklqana
Makhleb
Okawaru
Ru
Trog
Xom
Zin
Jiyva

Shops:
D:1 !   D:4 *

Portals:
Trove: D:11 (give 17 potions of curing)

Annotations:
D:6 1 runed translucent door, Absent's ghost, novice OgAK
D:11 2 runed translucent doors, Ablot's ghost, novice GnWr
Lair:1 Sonja


Innate Abilities, Weirdness & Mutations

You can spit globs of acid.
Your golden yellow scales are hard. (AC +8)
You cannot fit into any form of body armour.
You are cold-blooded and may be slowed by cold attacks.
You are resistant to acid. (rCorr)


Message History

You spit the bullfrog like a pig!!!!
You kill the bullfrog!
Dithmenos accepts your kill.
No target in view!
You see here a bullfrog corpse.
A rime drake comes into view.
A rime drake is nearby!
A rime drake is nearby!
The helpless rime drake fails to defend itself.
You perforate the rime drake like a sieve!!!!
You kill the rime drake!
Dithmenos accepts your kill.
a - 3 potions of lignification {!q} (gained 1)
You now have 535 gold pieces (gained 7).
Key pressed, stopping explore.
Found a stone staircase leading down.
Sonja, the Graceful Assassin comes into view.
She is wielding a +2 dagger of distortion, quivering curare-tipped darts and carrying a wand of digging (8).
A rime drake comes into view.
The rime drake hisses angrily.
Sonja shouts!
Your hands begin to glow red.
You hit Sonja but do no damage.
Sonja appears confused.
Your tail-slap misses Sonja.
Sonja hits you but does no damage.
Sonja hits you with a +2 dagger of distortion.
You are cast into the Abyss!
To return, you must find a gate leading back.
Killing monsters will force the Abyss to allow you passage.
This branch contains the abyssal rune of Zot.
A spatial vortex comes into view.
A large abomination comes into view.
A small abomination and a tentacled starspawn come into view.
A large abomination comes into view.
The large abomination hits you!!
You hear a bellow!
The ynoxinul bellows!
You hear a bellow!
A ynoxinul comes into view.
As you read the scroll of teleportation {@r4}, it crumbles to dust.
You feel strangely unstable.
You feel the power of the Abyss delaying your translocation!
The large abomination closely misses you.
Tentacles burst from the starspawn's body! 2 starspawn tentacles come into view.
The ynoxinul gestures.
A starcursed mass comes into view.
The starspawn tentacle grabs you. The starspawn tentacle constricts you.
You escape the starspawn tentacle's grasp.
You are suddenly pulled into a different region of the Abyss!
You start resting.
A rust devil comes into view.
A raiju comes into view.
A raiju comes into view.
A raiju comes into view.
A raiju comes into view.
The raiju barely misses you.
You hit the raiju but do no damage.
The raiju is poisoned.
Your tail-slap misses the raiju.
You hit the raiju but do no damage.
The raiju looks as sick as possible!
The raiju bursts into living lightning!
The living lightning misses you.
The raiju blinks!
You hit the raiju but do no damage.
The raiju looks as sick as possible!
The raiju bursts into living lightning!
The living lightning misses you.
The raiju blinks!
The raiju bites you but does no damage. The raiju bites you but does no damage.
Your hands begin to glow red.
The raiju barks!
You hear a bark!
The raiju bites you but does no damage. The raiju bites you.
The raiju shocks you!
You hit the raiju but do no damage.
Your tail-slap misses the raiju.
You hit the raiju but do no damage.
The raiju appears confused.
The raiju closely misses you.
You hit the raiju but do no damage.
The raiju is poisoned.
Your tail-slap misses the raiju.
You hit the raiju but do no damage.
The raiju looks as sick as possible!
The raiju closely misses you.
You catch the helpless raiju completely off-guard!
You impale the raiju!!
The raiju looks as sick as possible!
The raiju closely misses you.
You barely miss the raiju.
You kill the raiju!
That felt strangely unrewarding.
The raiju completely misses you.
You closely miss the raiju.
Your tail-slap misses the raiju.
The raiju bursts into living lightning!
The living lightning hits the raiju.
The raiju completely resists.
The living lightning hits the raiju.
The raiju completely resists.
The living lightning misses you.
The raiju blinks!
The raiju bursts into living lightning!
The living lightning hits you!
The raiju blinks!
The raiju bites you but does no damage. The raiju bites you but does no damage.
The raiju bursts into living lightning!
The living lightning misses you.
The living lightning hits the raiju.
The raiju completely resists.
The raiju blinks!
The raiju bursts into living lightning!
The living lightning hits you!!
The raiju blinks!
The raiju barely misses you. The raiju bites you.
* * * LOW HITPOINT WARNING * * *
The raiju shocks you!
* * * LOW HITPOINT WARNING * * *
You hit the raiju but do no damage.
The raiju looks as sick as possible!
You tail-slap the raiju, but do no damage.
You kill the raiju!
That felt strangely unrewarding.
You see here a raiju corpse.
You barely miss the raiju. The raiju bites you but does no damage.
You barely miss the raiju.
Your hands begin to glow red.
The raiju bites you.
* * * LOW HITPOINT WARNING * * *
The raiju shocks you!
* * * LOW HITPOINT WARNING * * *
The raiju bursts into living lightning!
The living lightning hits you.
* * * LOW HITPOINT WARNING * * *
The raiju blinks!
You barely miss the raiju. The raiju bites you.
* * * LOW HITPOINT WARNING * * *
The raiju shocks you!
* * * LOW HITPOINT WARNING * * *
You feel much better. The raiju barely misses you.
You feel much better.
The raiju bursts into living lightning!
The living lightning hits you!
* * * LOW HITPOINT WARNING * * *
The raiju blinks!
The raiju bites you.
* * * LOW HITPOINT WARNING * * *
The raiju shocks you!
* * * LOW HITPOINT WARNING * * *
You see here a raiju corpse.
You hit the raiju but do no damage.
Your tail-slap misses the raiju.
The raiju bursts into living lightning!
The living lightning misses you.
The raiju blinks!
You fade into invisibility!
The raiju bursts into living lightning!
The living lightning hits you!
* * * LOW HITPOINT WARNING * * *
The raiju blinks! x2
You hit the raiju but do no damage.
The raiju bursts into living lightning!
The living lightning hits you!
* * * LOW HITPOINT WARNING * * *
The raiju blinks!
Okay, then.
The raiju bursts into living lightning!
The living lightning hits you!
* * * LOW HITPOINT WARNING * * *
The raiju blinks!
The raiju bursts into living lightning!
The living lightning hits you.
You die...

# .# # . ### #
#.##.#.h ### #
..#..# ##... ..
#
#...#####...##..
.. #
#.##.....###. .
#.#.#@h....#.#..
###.
#....#.#...##.
.#...h #.##..###
.....# #. ..
#ยง### #. # ..
...# #.. #.. .
#..# . #..# ##.
# # ##. . #.##
.# #.### # ## #
.... #.# # ## #
# ..#


You could see 2 raiju.

Vanquished Creatures
  A boulder beetle (D:10)
  3 two-headed ogres
  Pikel (D:3)
  A manticore (D:11)
  A black mamba (Lair:1)
  A cane toad (Lair:1)
  A rime drake (Lair:1)
  2 unseen horrors (D:11)
  2 komodo dragons
  A guardian mummy (D:11)
  A troll (D:9)
  Grinder (Sewer)
  2 raiju (Abyss:1)
  A meliai zombie (D:10)
  A culicivora (shapeshifter) (D:7)
  A vampire (D:9)
  A shadow (D:10)
  6 wyverns
  24 yaks
  A basilisk (D:8)
  A steam dragon (D:7)
  Menkaure (D:4)
  3 acid dragons
  9 water moccasins
  4 ice beasts
  4 orc warriors
  3 sky beasts
  2 black bears
  2 ogres
  6 centaurs
  2 lemures (D:3)
  4 kobold brigands
  4 phantoms
  4 bullfrogs
  2 scorpions
  A wyvern zombie (D:7)
  2 water moccasin zombies
  A wyvern skeleton (D:7)
  A wight (D:6)
  10 killer bees
  An electric eel (D:9)
  3 howler monkeys (D:11)
  8 jellies
  3 bullfrog zombies
  A centaur zombie (D:6)
  4 hounds
  A centaur skeleton (D:5)
  2 orc priests
  3 gnoll shamans
  An iguana (D:6)
  5 orc wizards
  3 centaur simulacra (D:9)
  13 gnolls
  A river rat (D:4)
  9 adders
  A shadow imp (D:7)
  7 white imps
  4 ufetubi
  An adder zombie (Sewer)
  An adder skeleton (D:4)
  2 worms (D:3)
  2 dart slugs (D:2)
  27 orcs
  17 endoplasms
  3 giant cockroaches
  10 goblins
  4 hobgoblins
  2 jackals (D:1)
  4 quokkas
  6 ball pythons
  3 bats
  2 frilled lizards
  29 kobolds
  2 kobold zombies (Sewer)
  10 rats
314 creatures vanquished.

Vanquished Creatures (collateral kills)
  An orc warrior (D:7)
  2 ogres
  A wight (Sewer)
  6 gnolls
  6 kobolds
16 creatures vanquished.

Vanquished Creatures (others)
  3 dancing weapons
  A small abomination (Abyss:1)
  7 fungi
  17 plants
  A starspawn tentacle (Abyss:1)
  10 toadstools (D:3)
39 creatures vanquished.

Grand Total: 369 creatures vanquished

Notes
Turn   | Place    | Note
-------+----------+-------------------------------------------
     0 | D:1      | CryoSword the Draconian Enchanter began the quest for the
                  | Orb.
     0 | D:1      | Reached XP level 1. HP: 14/14 MP: 3/3
   265 | D:1      | Reached XP level 2. HP: 20/20 MP: 5/5
   398 | D:1      | Found Pexzein's Distillery.
   408 | D:1      | Bought a potion of lignification for 30 gold pieces
   946 | D:1      | Learned a level 2 spell: Ensorcelled Hibernation
  1007 | D:1      | Reached XP level 3. HP: 10/27 MP: 1/6
  1348 | D:2      | Reached skill level 3 in Stealth
  1472 | D:2      | Found a faded altar of an unknown god.
  1477 | D:2      | Reached skill level 1 in Fighting
  1559 | D:2      | Reached XP level 4. HP: 28/35 MP: 4/7
  1759 | D:1      | Bought a potion of curing for 30 gold pieces
  2478 | D:3      | Learned a level 3 spell: Confusing Touch
  2577 | D:3      | Noticed a sky beast
  2834 | D:3      | Killed a sky beast
  2835 | D:3      | Reached XP level 5. HP: 8/41 MP: 4/8
  3192 | D:3      | Found a hazy altar of Hepliaklqana.
  3193 | D:3      | Found a glowing silver altar of Zin.
  3503 | D:4      | Found a glowing drain.
  3527 | D:4      | Noticed a phantom
  3533 | Sewer    | Entered a sewer
  3824 | Sewer    | Found an ancient bone altar of Kikubaaqudgha.
  3868 | Sewer    | Noticed a phantom
  3909 | Sewer    | Killed a phantom
  3910 | Sewer    | Reached skill level 4 in Stealth
  3910 | Sewer    | Reached XP level 6. HP: 36/48 MP: 6/9
  4001 | Sewer    | Noticed Grinder
  4193 | Sewer    | Learned a level 3 spell: Tukima's Dance
  4451 | Sewer    | Killed Grinder
  4452 | Sewer    | Your scales start taking on a golden yellow colour.
  4452 | Sewer    | Reached XP level 7. HP: 45/56 MP: 7/10
  4452 | Sewer    | Gained mutation: You are resistant to acid. (rCorr) [Yellow
                  | Draconian growth]
  5099 | D:4      | Noticed Pikel
  5117 | D:4      | Reached skill level 5 in Stealth
  5188 | D:4      | Found Zotzez's Overcharged Wands.
  5426 | D:4      | Noticed Menkaure
  6197 | D:4      | Killed Menkaure
  6198 | D:4      | Reached XP level 8. HP: 34/63 MP: 7/11
  6281 | D:1      | Bought a potion of flight for 30 gold pieces
  6281 | D:1      | Bought a potion of heal wounds for 50 gold pieces
  6520 | D:3      | Killed Pikel
  6521 | D:3      | Reached skill level 5 in Short Blades
  6521 | D:3      | Reached skill level 5 in Hexes
  6746 | D:4      | Reached skill level 6 in Stealth
  7001 | D:5      | Entered Level 5 of the Dungeon
  7260 | D:5      | Identified the +1 robe "Orghugul" {*Corrode Str+2 Dex+9}
  7435 | D:5      | Reached XP level 9. HP: 39/71 MP: 10/12
  7949 | D:1      | Bought a potion of magic for 80 gold pieces
  8152 | D:1      | Bought a potion of brilliance for 40 gold pieces
  8794 | D:6      | Reached skill level 7 in Stealth
  9104 | D:6      | Reached skill level 5 in Fighting
  9245 | D:6      | Found a runed translucent door.
  9517 | D:6      | Noticed Absent's ghost (novice OgAK)
  9527 | D:6      | Reached XP level 10. HP: 73/81 MP: 10/14
 10042 | D:7      | Found a sacrificial altar of Ru.
 10106 | D:7      | Found a white marble altar of Elyvilon.
 10137 | D:7      | Found a shimmering altar of Xom.
 10344 | D:7      | Reached skill level 8 in Stealth
 10396 | D:7      | Reached skill level 5 in Dodging
 10880 | D:7      | Noticed a two-headed ogre
 11127 | D:7      | Found a shadowy altar of Dithmenos.
 11143 | D:7      | Became a worshipper of Dithmenos the Shadowed
 11272 | D:7      | Found a staircase to the Ecumenical Temple.
 11551 | D:7      | Killed a two-headed ogre
 12169 | D:8      | Found a staircase to the Lair.
 12467 | D:8      | Learned a level 3 spell: Dazzling Flash
 13007 | D:8      | Reached skill level 9 in Stealth
 13007 | D:8      | Reached skill level 1 in Ice Magic
 13040 | D:8      | Reached XP level 11. HP: 57/89 MP: 9/15
 13959 | D:9      | Found a bloodstained altar of Trog.
 14029 | D:9      | Identified the +7 flail "Toesal" {protect, *Corrode rElec
                  | rF++}
 14266 | D:9      | Found a viscous altar of Jiyva.
 14278 | D:9      | Reached * piety under Dithmenos
 15466 | D:9      | Found a burning altar of Makhleb.
 15466 | D:9      | Noticed a balrug
 15603 | D:9      | Reached ** piety under Dithmenos
 15695 | D:10     | Entered Level 10 of the Dungeon
 15832 | D:9      | Found an iron altar of Okawaru.
 16004 | D:10     | Noticed a boulder beetle
 16029 | D:10     | Killed a boulder beetle
 16400 | D:10     | Reached skill level 1 in Invocations
 16437 | D:10     | Noticed a two-headed ogre
 16440 | D:10     | Killed a two-headed ogre
 17169 | D:11     | Reached skill level 1 in Conjurations
 17331 | D:11     | Noticed a two-headed ogre
 17335 | D:11     | Killed a two-headed ogre
 18049 | D:11     | Found a large runed translucent door.
 18051 | D:11     | Found a large runed translucent door.
 18061 | D:11     | Noticed Ablot's ghost (novice GnWr)
 18222 | D:11     | Found a portal to a secret trove of treasure.
 18412 | D:11     | Reached skill level 10 in Stealth
 18412 | D:11     | Reached XP level 12. HP: 47/100 MP: 14/17
 18717 | Lair:1   | Entered Level 1 of the Lair of Beasts
 19510 | Lair:1   | Noticed Sonja
 19513 | Lair:1   | Cast into level 1 of the Abyss (Sonja)
 19560 | Abyss:1  | Noticed a tentacled starspawn
 19577 | Abyss:1  | Noticed a starcursed mass
 19704 | Abyss:1  | HP: 1/100 [raiju/living lightning (10)]
 19704 | Abyss:1  | Killed from afar by a raiju

Illustrated notes

Levels and vault maps discovered:
D:1:      dpeg_arrival_round_b, layout_loops_ring, serial_shops,
          nicolae_square_shop
D:2:      layout_rooms, shapermc_ecumenical_altar_notcrosses,
          kennysheep_nondescript, grunt_decor_mini_mirrors,
          minmay_misc_feat_more_columns
D:3:      cheibrodos_fertilizer, layout_rooms, gammafunk_temple_overflow_pools
D:4:      layout_rooms, cheibrodos_sewer_entry_sluice,
          nicolae_shop_overcharged_wands, uniq_pikel, uniq_menkaure
D:5:      layout_rooms, minmay_starry_boxes
D:6:      hellmonk_warped_wall, layout_rooms, ebering_ghost_reflecting_pool,
          kennysheep_generic_room_8
D:7:      nzn_winding_woodlands_three_and_one
          [nzn_winding_woodlands_5x15_split_checker,
          nzn_winding_woodlands_5x15_crooked, nzn_winding_woodlands_5x15_parted,
          nzn_winding_woodlands_center_lodge], layout_loops_ring,
          mainiacjoe_overflow_surrounded_room,
          mainiacjoe_overflow_small_starburst, nicolae_dithmenos_shadow_blocks,
          mainiacjoe_overflow_tiny_flanked, minmay_temple_entry_crystal_x
D:8:      layout_basic, minmay_lair_entry_grove
D:9:      layout_roguey, tgw_trog, makhleb_altar_promises_db,
          okawaru_altar_gauntlet_db, serial_ice, serial_ice_l, serial_ice_m,
          serial_ice_b, serial_ice_f, serial_ice_e, serial_ice_d, serial_ice_c,
          jiyva_altar_1
D:10:     layout_stronghold
D:11:     layout_roguey, ebering_ghost_disaster_area,
          nicolae_trove_entry_path_of_doom
Lair:1:   layout_concentric_octagons, worms_lemuel, grunt_megastairs_3,
          uniq_sonja
Abyss:1:  base: Lair:1, evilmike_abyss_exit_1, guppyfry_abyss_exit_glass_guarded

Skill      XL: |  1  2  3  4  5  6  7  8  9 10 11 12 |
---------------+-------------------------------------+-----
Hexes          | 3 4 5 7 8 9 |  9.4
Dodging        | 2 3 4 5 6 |  6.0
Short Blades   | 2 3 4 5 7 8 9 |  9.9
Stealth        | 3 4 5 6 7 9 10 | 10.2
Fighting       | 1 2 3 4 5 6 7 |  7.3
Spellcasting   | 3 4 |  4.0
Ice Magic      | 1 3 |  3.3
Invocations    | 2 |  2.9
Conjurations   | 1 2 |  2.0

Action                   |  1- 3 |  4- 6 |  7- 9 | 10-12 || total
-------------------------+-------+-------+-------+-------++-------
Melee: Dagger            |    71 |   141 |    46 |   706 ||   964
       Tailslap          |     5 |    20 |    66 |   120 ||   211
       Short sword       |       |    52 |   409 |       ||   461
       Punch             |       |     4 |     8 |     7 ||    19
 Cast: Ensorcelled Hiber |     8 |    29 |    10 |    42 ||    89
       Confusing Touch   |       |     3 |    30 |    39 ||    72
       Tukima's Dance    |       |     4 |     7 |    15 ||    26
 Abil: Breathe Acid      |       |       |    13 |    24 ||    37
Evoke: Wand              |       |       |       |     2 ||     2
  Use: Potion            |     1 |       |     1 |     5 ||     7
       Scroll            |       |     2 |     6 |     4 ||    12
 Stab: Sleeping          |    13 |    16 |    13 |    56 ||    98
       Confused          |       |     5 |    33 |    31 ||    69
Armor: Skin              |    21 |    55 |   128 |   198 ||   402
Dodge: Dodged            |    32 |   146 |   193 |   386 ||   757
